 Dungeon Crawl Stone Soup version 0.18.1-8-gdd0e5ea (webtiles) character file.

15 Krapule the Vexing (level 2, -13/20 HPs)
             Began as a Vampire Enchanter on May 31, 2016.
             Killed by nerve-wracking pain
             ... invoked by Jessica
              (14 damage)
             ... on level 2 of the Dungeon.
             The game lasted 00:04:15 (784 turns).

Krapule the Vexing (Vampire Enchanter)               Turns: 784, Time: 00:04:16

Health: -13/20     AC:  3    Str:  7    XL:     2   Next: 34%
Magic:  4/5        EV: 13    Int: 17    God:
Gold:   61         SH:  0    Dex: 14    Spells: 1 memorised, 4 levels left

rFire  . . .     SeeInvis +     a - +1 dagger
rCold  . . .     Gourm    .     b - +1 robe
rNeg   + . .     Faith    .     (no shield)
rPois  +         Spirit   .     (no helmet)
rElec  .         Dismiss  .     (no cloak)
rCorr  .         Reflect  .     (no gloves)
SustAt .         Harm     .     (no boots)
MR     .....                    (no amulet)
Stlth  +++.......               h - ring of see invisible
                                f - ring of poison resistance

@: not resistant to hostile enchantments, fairly stealthy
A: fangs 3, see invisible, unbreathing
a: no special abilities


You were on level 2 of the Dungeon.
You were not thirsty.

You visited 1 branch of the dungeon, and saw 2 of its levels.

You collected 61 gold pieces.

Inventory:

Hand Weapons
 a - a +1 dagger (weapon)
Armour
 b - a +1 robe (worn)
Jewellery
 f - a ring of poison resistance (left hand)
 h - a ring of see invisible (right hand)
 m - an uncursed ring of fire {unknown}
Scrolls
 e - a scroll of fear {unknown}
 g - a scroll of identify {unknown}
 i - a scroll of fog {unknown}
 j - a scroll of magic mapping {unknown}
 k - a scroll of remove curse {unknown}
 l - a scroll of recharging {unknown}
Potions
 d - 3 potions of blood
Books
 c - a book of Maledictions

   Spells                             Type                      Level
   a - Corona                         Hexes                        1
   b - Ensorcelled Hibernation        Hexes/Ice                    2
   c - Confuse                        Hexes                        3
   d - Tukima's Dance                 Hexes                        3
   e - Dazzling Spray                 Conjuration/Hexes            3


   Skills:
 + Level 0.3 Fighting
 + Level 1.1 Short Blades
 + Level 0.5 Armour
 * Level 2.6 Dodging
 + Level 4.4 Stealth
 + Level 2.1 Spellcasting
 * Level 4.5 Hexes


You had 4 spell levels left.
You knew the following spells:

 Your Spells              Type           Power        Failure   Level  Hunger
a - Corona                Hex            ###....      2%          1    #......


Dungeon Overview and Level Annotations

Branches:
Dungeon (2/15)

Altars:

Annotations:
D:2 Jessica


Innate Abilities, Weirdness & Mutations

You have razor-sharp teeth.
You have supernaturally acute eyesight.
You can survive without breathing.


Message History

Jessica misses you.
Jessica drinks a potion.
Jessica is healed!
You hit Jessica but do no damage. Jessica barely misses you.
You barely miss Jessica. Jessica closely misses you.
Jessica gestures at you while chanting. Pain shoots through your body!
* * * LOW HITPOINT WARNING * * *
You are too injured to fight recklessly!
You are too injured to fight recklessly!
Jessica stops glowing.
Jessica mumbles some strange words.
Jessica blinks!
Sorry, you're not good enough to have a special ability.
Jessica mumbles some strange words.
Jessica blinks!
Jessica hits you with a dagger.
* * * LOW HITPOINT WARNING * * *
Jessica points at you and mumbles some strange words.
Pain shoots through your body!
Ouch! That really hurt!
You die...

#######.#<...#.########.#
#.#.####.# #.# #.#......#
#.# #.###############.#
#.. ...........#
##################.#
#...?..........###(#
+..................#
#.....@........##..#
#......@.......###.#
#..............# #.#
#...........!..# #.#
#..............# #?.
#..............# ##.
#########..............#
..
..........<............#
.....####(.............#


You could see Jessica.

Vanquished Creatures
  A worm (D:2)
  3 bats (D:1)
  2 giant cockroaches
  A goblin (D:1)
  2 ball pythons
  2 kobolds (D:1)
  2 rats
13 creatures vanquished.

Notes
Turn   | Place    | Note
--------------------------------------------------------------
     0 | D:1      | Krapule the Vampire Enchanter began the quest for the Orb.
     0 | D:1      | Reached XP level 1. HP: 13/13 MP: 3/3
   420 | D:1      | Reached XP level 2. HP: 15/20 MP: 5/5
   690 | D:2      | Noticed Jessica
   783 | D:2      | HP: 1/20 [Jessica/dagger (2)]
   784 | D:2      | Killed from afar by Jessica

Action                   || total
-------------------------++-------
Melee: Dagger            ||    30
       Bite              ||     1
 Cast: Corona            ||     2
 Stab: Sleeping          ||     4
  Eat: Corpse            ||     1
Armor: Robe              ||     8
Dodge: Dodged            ||    16
